 Dungeon Crawl Stone Soup version 0.31-a0-1522-g43313d8a59 (webtiles) character file.

Game seed: 10584464734867719105

63 AstroCodex24 the Covered (level 3, 0/30 HPs)
             Began as a Demigod Fighter on Dec 30, 2023.
             Succumbed to a kobold's poison
             ... on level 4 of the Dungeon.
             The game lasted 00:04:37 (908 turns).

AstroCodex24 the Covered (Demigod Fighter)           Turns: 908, Time: 00:04:37

Health: 0/30       AC: 11    Str: 18 (21) XL:     3   Next: 61%
Magic:  5/5        EV:  5    Int:  8 (10) God:
Gold:   114        SH:  4    Dex:  8 (11) Spells: 2/2 levels left

rFire   . . .        a - +0 war axe
rCold   . . .        c - +0 buckler
rNeg    . . .        o - +0 plate armour
rPois   .            (no helmet)
rElec   .            (no cloak)
rCorr   +            (no gloves)
SInv    .            (no boots)
Will    +....        n - amulet of the acrobat Stlth
                     h - ring of resist corrosion
HPRegen 0.25/turn    (no ring)
MPRegen 0.09/turn

%: acrobat
@: lethally poisoned (0 -> -2), enlightened, flying, invisible
A: high MP 1, forlorn, divine attributes, clumsy 1
a: no special abilities


You were on level 4 of the Dungeon.
You visited 1 branch of the dungeon, and saw 4 of its levels.

You collected 114 gold pieces.

Inventory:

Hand Weapons
 a - a +0 war axe (weapon)
 g - a +1 dagger of venom
Armour
 b - the +3 leather armour of Unasuur Uny {+Blink rN+ Int+2 Dex-2}
   (You found it on level 3 of the Dungeon)

   Int+2:     It affects your intelligence (+2).
   Dex-2:     It affects your dexterity (-2).
   rN+:       It protects you from negative energy.
   +Blink:    It lets you blink.
 c - a +0 buckler (worn)
 o - a +0 plate armour (worn)
Jewellery
 h - a ring of resist corrosion (left hand)
 n - an amulet of the acrobat (around neck)
Wands
 j - a wand of digging (1)
Scrolls
 e - 3 scrolls of identify {unknown}
 f - a scroll of amnesia {unknown}
 k - a scroll of fear {unknown}
 p - a scroll of teleportation {unknown}
Potions
 d - 2 potions of might
 m - a potion of enlightenment


   Skills:
 + Level 2.9 Fighting
 + Level 2.6 Axes
 + Level 3.6 Armour
 + Level 0.1 Dodging
 + Level 2.8 Shields


You had 2 spell levels left.
You didn't know any spells.
Your spell library contained the following spells:

 Spells                   Type           Power      Damage    Failure   Level
 Magic Dart               Conj           0%         1d3       100%        1
 Sting                    Conj/Alch      0%         1d3       100%        1
 Searing Ray              Conj           0%         2d4       100%        2
 Fulminant Prism          Conj/Alch      0%         3d5       100%        4


Dungeon Overview and Level Annotations

Branches:
Dungeon (4/15)
 Temple: D:4-7


Innate Abilities, Weirdness & Mutations

You have an increased reservoir of magic. (+10% MP)
You shall have no god before yourself.
Your divine heritage dramatically boosts your attributes as you level up.
You are clumsy. (Dex -2)


Message History

You feel very sick. The kobold hits you but does no damage.
You are lethally poisoned!
You hit the kobold.
You kill the kobold!
You feel extremely sick.
You feel very sick.
Things that are here:
a +1 dagger of venom; 3 stones
* * * LOW HITPOINT WARNING * * *
You feel very sick.
* * * LOW HITPOINT WARNING * * *
You feel sick.
Okay, then.
It was a potion of invisibility.
You fade into invisibility!
* * * LOW HITPOINT WARNING * * *
You feel sick.
It was a potion of degeneration.
There was something very wrong with that liquid.
You feel weakened.
You feel dopey.
You feel clumsy.
* * * LOW HITPOINT WARNING * * *
You feel sick.
It was a potion of mutation.
You feel extremely strange.
You feel clumsy.
* * * LOW HITPOINT WARNING * * *
You feel sick.
It was a potion of enlightenment.
You feel very buoyant.
You fly up into the air.
* * * LOW HITPOINT WARNING * * *
You feel sick.
* * * LOW HITPOINT WARNING * * *
You feel sick.
* * * LOW HITPOINT WARNING * * *
You feel sick.
Things that are here:
a +1 dagger of venom; 3 stones
g - a +1 dagger of venom You die...

#. #.# #..
#.. #..
##<###
#....####
#..@..###
####...<#
####.....#
###..##
#.# ..# .#
#


There were no monsters in sight!

Vanquished Creatures
  A bombardier beetle (D:3)
  2 dart slugs
  3 endoplasms
  2 giant cockroaches (D:2)
  A goblin (D:2)
  4 hobgoblins
  2 kobolds
  A quokka (D:2)
  4 ball pythons
  A bat (D:2)
  A rat (D:1)
22 creatures vanquished.

Notes
Turn   | Place    | Note
-------+----------+-------------------------------------------
     0 | D:1      | AstroCodex24 the Demigod Fighter began the quest for the
                  | Orb.
     0 | D:1      | Reached XP level 1. HP: 18/18 MP: 3/3
    70 | D:1      | Got Plato's Precepts of the Barrage
   279 | D:1      | Reached skill level 3 in Armour
   350 | D:2      | Reached XP level 2. HP: 17/25 MP: 4/4
   670 | D:3      | Identified the +3 leather armour of Unasuur Uny {+Blink rN+
                  | Int+2 Dex-2}
   764 | D:3      | Reached XP level 3. HP: 10/30 MP: 5/5
   904 | D:4      | Gained mutation: You are clumsy. (Dex -2) [potion of
                  | mutation]
   906 | D:4      | HP: 1/30 [poisoned by a kobold]
   908 | D:4      | Succumbed to a kobold's poison

Illustrated notes

Levels and vault maps discovered:
D:1:      heliophobic_arrival_enchanted_forest, layout_basic,
          shapermc_ecumenical_altar_rom_forum
D:2:      layout_basic, serial_shops, nicolae_lakefront_shop,
          nicolae_shop_mannequins, minmay_hexomino_c4
D:3:      layout_basic, mainiacjoe_overflow_cross_hatched
D:4:      layout_cave_pods, nzn_wu_jian_council_hall,
          minmay_temple_entry_antechambers, dreamdust_gnoll_farm, uniq_pikel

Skill      XL: |  1  2 |
---------------+-------+-----
Armour         | 3 |  3.6
Axes           | 2 |  2.6
Fighting       | |  2.9
Dodging        | |  0.1
Shields        | |  2.8

Action                     || total
---------------------------++-------
  Melee: War axe           ||    55
    Use: Potion            ||     4
 Armour: Scale mail        ||    40
         Plate armour      ||     7
  Dodge: Dodged            ||    30
  Block: Buckler           ||    12

Table legend: (Time is in decaauts)
 A = Elapsed time spent in this place.
 B = Non-inter-level travel time spent in this place.
 C = Inter-level travel time spent in this place.
 D = Time resting spent in this place.
 E = Time spent auto-exploring this place.
 F = Levels seen in this place.
 G = Mean time per level.
                   A        B        C        D        E       F      G
               +--------+--------+--------+--------+--------+-----+--------+
         Total |    930 |    897 |     33 |      0 |      0 |   4 |  232.5 |
       Dungeon |    930 |    897 |     33 |      0 |      0 |   4 |  232.5 |
               +--------+--------+--------+--------+--------+-----+--------+

Top non-repeatable levels by time:
     D:2: 336 daAuts
     D:1: 328 daAuts
     D:3: 250 daAuts
     D:4: 16 daAuts
